 Dungeon Crawl Stone Soup version 0.24.0-13-gcf9b319 (webtiles) character file.

Game seed: 11951838502184042724, levelgen mode: deterministic

129 Fang the Covered (level 5, -2/33 HPs)
             Began as a Gargoyle Fighter on Jan 3, 2020.
             Slain by an ogre
             ... wielding a +0 giant spiked club
              (17 damage)
             ... on level 4 of the Dungeon.
             The game lasted 00:02:24 (2386 turns).

Fang the Covered (Gargoyle Fighter)                 Turns: 2386, Time: 00:02:25

Health: -2/33      AC: 15    Str: 25    XL:     5   Next: 12%
Magic:  5/5        EV:  4    Int:  9    God:
Gold:   193        SH: 10    Dex:  9    Spells: 4/4 levels left

rFire    . . .     SeeInvis .   a - +0 war axe
rCold    . . .     Gourm    .   B - +0 shield
rNeg     + . .     Faith    .   b - +0 plate armour
rPois    ∞         Spirit   .   (no helmet)
rElec    +         Reflect  .   (no cloak)
rCorr    .         Harm     .   (no gloves)
MR       .....                  (no boots)
Stlth    ..........             (no amulet)
HPRegen  0.11/turn              (no ring)
MPRegen  0.09/turn              (no ring)

@: mighty, very slightly contaminated
A: negative energy resistance 1, electricity resistance, unbreathing,
petrification resistance, rot immunity, AC +4
a: no special abilities


You were on level 4 of the Dungeon.
You were not hungry.

You visited 1 branch of the dungeon, and saw 4 of its levels.

You collected 193 gold pieces.

Inventory:

Hand Weapons
 a - a +0 war axe (weapon)
Armour
 b - a +0 plate armour (worn)
 B - a +0 shield (worn)
Scrolls
 g - a scroll of remove curse
 h - a scroll of magic mapping
 j - 3 scrolls of blinking
 m - a scroll of identify
Potions
 f - a potion of flight
 k - a potion of lignification
Comestibles
 c - 8 rations
 r - a chunk of flesh


   Skills:
 + Level 4.2 Fighting
 + Level 2.7 Axes
 + Level 4.2 Armour
 + Level 4.1 Shields


You had 4 spell levels left.
You didn't know any spells.
Your spell library contained the following spells:

 Spells                   Type           Power        Failure   Level  Hunger
 Magic Dart               Conj           #...         100%        1    ##.....
 Searing Ray              Conj           #.....       100%        2    ###....
 Dazzling Spray           Conj/Hex       #.....       100%        3    ####...
 Force Lance              Conj/Tloc      #.......     100%        4    #####..
 Fulminant Prism          Conj/Hex       #.........   100%        4    #####..
 Iskenderun's Mystic Bla  Conj           #.......     100%        4    #####..


Dungeon Overview and Level Annotations

Branches:
Dungeon (4/15)
 Temple: D:4-7

Altars:
Okawaru
Yredelemnul


Innate Abilities, Weirdness & Mutations

You are resistant to torment.
Your stone body is resilient. (AC +4)
You are immune to poison.
You resist negative energy. (rN+)
You are resistant to electric shocks. (rElec)
You can survive without breathing.
You are immune to petrification.
You are immune to rotting.


Message History

Your plate armour prevents you from hitting the ogre.
The ogre is heavily wounded.
The ogre hits you with a +0 giant spiked club.
Your shield and plate armour prevent you from hitting the ogre.
The ogre is heavily wounded.
The ogre hits you with a +0 giant spiked club!
You are too injured to fight recklessly!
You are too injured to fight recklessly!
You are too injured to fight recklessly!
You are too injured to fight recklessly!
You are too injured to fight recklessly!
You are too injured to fight recklessly!
You are too injured to fight recklessly!
You are too injured to fight recklessly!
You are too injured to fight recklessly!
You are too injured to fight recklessly!
You feel very mighty all of a sudden.
The ogre hits you with a +0 giant spiked club!
Ouch! That really hurt!
You die...

,*
*,,,,,,,,,,,,,,,,*
,*
*,,,,,,,,,,,,,,,,*
,*
*,,,,,,,,,,,,,,,,*
,*
*,,,,,,,,,,,,,,,,*
,*
*,,,,,,,,,,,,,,,,*
,*
*,,,,,,***********
,* *,,,,,,* ,*
*###+####### ,*
#...O@....# **
#.#O#####.# *,#.*
#.# *,#O* #.#
*,#.* #.# *,#$*
#.# *,#.* #.#
*,#.* #)# *,*,*
#.#


You could see 2 ogres.

Vanquished Creatures
  A gnoll (D:1)
  7 adders
  2 oozes (D:1)
  A worm (D:2)
  A dart slug (D:1)
  An orc (D:3)
  2 ball pythons
  9 bats
  A giant cockroach (D:1)
  2 goblins
  9 hobgoblins
  3 frilled lizards
  2 kobolds
  6 rats
47 creatures vanquished.

Notes
Turn   | Place    | Note
-------+----------+-------------------------------------------
     0 | D:1      | Fang the Gargoyle Fighter began the quest for the Orb.
     0 | D:1      | Reached XP level 1. HP: 14/14 MP: 1/1
   203 | D:1      | Reached XP level 2. HP: 11/19 MP: 2/2
   226 | D:1      | Reached XP level 3. HP: 15/23 MP: 3/3
   718 | D:2      | Found a basalt altar of Yredelemnul.
  1080 | D:2      | Reached XP level 4. HP: 16/29 MP: 4/4
  2008 | D:3      | Reached XP level 5. HP: 21/33 MP: 5/5
  2316 | D:4      | Found an iron altar of Okawaru.
  2379 | D:4      | Noticed an ogre
  2381 | D:4      | Noticed an ogre
  2386 | D:4      | Slain by an ogre

Levels and vault maps discovered:
D:1:      wheals_arrival_linesprint, layout_rooms
D:2:      layout_basic, yredelemnul_altar_generic
D:3:      layout_rooms
D:4:      layout_basic, first_ration, okawaru_gym_becter, uniq_pikel

Skill      XL: |  1  2  3  4 |
---------------+-------------+-----
Axes           | 2 |  2.7
Fighting       | 4 |  4.2
Armour         | 4 |  4.2
Shields        | 4 |  4.1

Action                   |  1- 3 |  4- 6 || total
-------------------------+-------+-------++-------
Melee: War axe           |   102 |    95 ||   197
  Use: Scroll            |       |    11 ||    11
       Potion            |       |     1 ||     1
  Eat: Chunk             |     1 |     4 ||     5
Armor: Scale mail        |    68 |    19 ||    87
       Chain mail        |       |    64 ||    64
       Plate armour      |       |     1 ||     1
Dodge: Dodged            |    33 |    22 ||    55
Block: Shield            |    48 |    68 ||   116
